AoeStats
← Faatig

Lombardia

507543033Analyzed
3v3 RM · 15d ago on Sep 18, 2026· 90m 12s· 6 players
Game mode
Random Map
Map size
Normal (6 player)
Population
200
Speed
Normal
Resources
Standard
Victory
Conquest
Starting age
Dark Age
Ending age
Imperial Age
RankedLock teamsTeams togetherTeam positionsShared explorationLock speedFull tech treeHidden civsTurbo modeCheats
Victory
Defeat
🇻🇪 Mapuche · Venezuela
916
+16
🇦🇷 Franks · Argentina
912
+16
🇧🇷 Italians · Brazil
881
+18
🇹🇷 Britons · Türkiye
928
-17
🇹🇷 Berbers · Türkiye
928
-17
🇹🇷 Franks · Türkiye
903
-16
Abyssus
2:29 Loom
10:46 Feudal Age
11:19 Horse Collar
11:27 Double-Bit Axe
12:31 Town Watch
20:45 Castle Age
21:40 Stone Mining
21:42 Gold Mining
21:53 Heavy Plow
22:17 Bow Saw
24:48 Wheelbarrow
25:21 Town Patrol
24:56 Pikeman
28:45 Fletching
28:56 Padded Archer Armor
30:37 Hand Cart
30:30 Treadmill Crane
33:22 Gold Shaft Mining
35:05 Bodkin Arrow
35:57 Ballistics
39:49 Imperial Age
37:39 Elite Skirmisher
39:23 Murder Holes
39:39 Masonry
40:47 Leather Archer Armor
39:55 Elite Bolas Rider
41:57 Chemistry
41:09 Caravan
43:10 Conscription
42:52 Malon
42:58 Butalmapu
46:22 Elite Kona
52:53 Ring Archer Armor
55:32 Hoardings
56:01 Forging
57:56 Arson
57:32 Champi Runner
60:56 Iron Casting
60:22 Scale Mail Armor
61:16 Champi Warrior
62:53 Chain Mail Armor
66:47 Elite Champi Warrior
67:33 Halberdier
75:53 Plate Mail Armor
76:24 Blast Furnace
86:06 Coinage
87:06 Siege Engineers
87:32 Architecture
ChronoMiner
0:49 Loom
11:20 Feudal Age
11:51 Double-Bit Axe
16:39 Horse Collar
21:10 Castle Age
23:50 Light Cavalry
25:14 Husbandry
32:02 Bow Saw
31:55 Heavy Plow
32:11 Town Watch
33:40 Fletching
34:52 Bodkin Arrow
40:03 Imperial Age
37:34 Town Patrol
41:42 Wheelbarrow
41:39 Conscription
42:06 Bracer
43:31 Hand Cart
44:01 Scale Barding Armor
45:01 Chemistry
43:56 Murder Holes
44:22 Ballistics
45:48 Elite Genoese Crossbowman
47:21 Thumb Ring
49:14 Bloodlines
48:25 Hussar
60:23 Chain Barding Armor
60:32 Caravan
70:22 Plate Barding Armor
73:01 Two-Man Saw
75:53 Silk Road
76:58 Crop Rotation
78:54 Pirotechnia
78:17 Elite Skirmisher
82:00 Padded Archer Armor
Josmi-Ga'lock
0:28 Loom
10:46 Feudal Age
11:18 Town Watch
11:20 Double-Bit Axe
23:05 Castle Age
23:50 Squires
24:41 Pikeman
27:11 Bow Saw
28:20 Forging
30:49 Wheelbarrow
32:34 Hand Cart
32:12 Gold Mining
32:15 Stone Mining
34:32 Gold Shaft Mining
34:17 Fortified Wall
34:30 Ballistics
38:45 Imperial Age
36:32 Town Patrol
37:25 Husbandry
38:14 Masonry
38:41 Scale Barding Armor
39:12 Iron Casting
39:53 Conscription
39:58 Chain Barding Armor
39:02 Cavalier
40:06 Fletching
40:36 Caravan
40:49 Chivalry
40:35 Paladin
43:00 Plate Barding Armor
43:26 Blast Furnace
46:08 Chemistry
45:38 Architecture
46:39 Elite Throwing Axeman
47:28 Scale Mail Armor
48:34 #83
48:34 Chain Mail Armor
48:18 Arson
53:52 Coinage
58:35 Banking
58:02 Bodkin Arrow
58:38 Plate Mail Armor
59:58 Murder Holes
72:48 Light Cavalry
ademhalit
10:24 Feudal Age
11:25 Double-Bit Axe
11:26 Horse Collar
14:26 Stone Mining
20:19 Castle Age
19:21 Padded Archer Armor
19:11 Fletching
19:14 Town Watch
19:28 Gold Mining
22:25 Wheelbarrow
22:09 Leather Archer Armor
21:49 Bodkin Arrow
22:55 Town Patrol
24:31 Gold Shaft Mining
24:37 Heavy Plow
24:50 Bow Saw
25:38 Hand Cart
26:13 Pikeman
26:53 Squires
27:49 Loom
29:04 Ballistics
29:37 Forging
29:27 Scale Mail Armor
34:23 Imperial Age
34:02 Chain Mail Armor
34:25 Iron Casting
33:36 Arson
35:30 Elite Longbowman
36:13 Warwolf
36:35 Yeomen
36:36 Conscription
39:24 Chemistry
38:57 Ring Archer Armor
38:27 Bracer
42:19 Caravan
Faatig
7:25 Loom
9:49 Feudal Age
10:59 Double-Bit Axe
12:31 Horse Collar
21:10 Castle Age
20:06 Scale Barding Armor
20:12 Forging
20:57 Bloodlines
22:07 Wheelbarrow
23:12 Husbandry
23:50 Chain Barding Armor
24:49 Gold Mining
25:13 Bow Saw
25:06 Heavy Plow
35:45 Imperial Age
34:10 Fletching
34:56 Iron Casting
39:16 Conscription
38:35 Elite Camel Archer
39:57 Bodkin Arrow
40:38 Plate Barding Armor
40:31 Ballistics
39:52 Light Cavalry
40:41 Heavy Camel Rider
41:38 Cavalier
42:40 Masonry
43:46 Chemistry
44:11 Hussar
47:17 Gold Shaft Mining
46:33 Stone Mining
47:17 Crop Rotation
49:44 Blast Furnace
48:45 Bracer
49:53 Maghrebi Camels
53:28 Hoardings
53:03 Siege Engineers
59:29 Stone Shaft Mining
71:46 Arrowslits
79:07 Hand Cart
ReuZess
7:47 Loom
9:54 Feudal Age
11:14 Double-Bit Axe
21:51 Castle Age
23:04 Bow Saw
24:27 Stone Mining
24:30 Gold Mining
27:59 Gold Shaft Mining
29:14 Forging
35:31 Imperial Age
35:38 Cavalier
37:33 Paladin
39:01 Husbandry
40:51 Iron Casting
40:23 Scale Barding Armor
39:50 Elite Skirmisher
40:52 Caravan
40:48 Town Watch
41:45 Town Patrol
43:05 Blast Furnace
42:08 Scale Mail Armor
43:15 Coinage
43:56 Wheelbarrow
51:43 Chain Barding Armor
51:42 Chain Mail Armor
52:38 Banking
53:54 Plate Barding Armor
57:07 Pikeman
57:33 Gambesons
58:36 Fletching
59:17 Plate Mail Armor
59:26 Halberdier
60:08 Squires
63:42 Bodkin Arrow
63:48 Padded Archer Armor
Connection lost

Rejoining the realm…

Still unreachable

The connection could not be restored.

Session expired

The server has moved on; the page needs a fresh start.